AoeStats
← Gregory176144

Arena

510043177Analyzed
1v1 RM · 4d ago on Sep 29, 2026· 37m 17s· 2 players
Game mode
Random Map
Map size
Tiny (2 player)
Population
200
Speed
Normal
Resources
Standard
Victory
Conquest
Starting age
Dark Age
Ending age
Imperial Age
RankedLock teamsTeams togetherTeam positionsShared explorationLock speedFull tech treeHidden civsTurbo modeCheats
Victory
Defeat
🇦🇷 Vietnamese · Argentina
1234
+36
🇦🇷 Bohemians · Argentina
1277
-18
Gregory176144
10:43 Feudal Age
12:34 Wheelbarrow
14:38 Castle Age
13:05 Horse Collar
13:42 Double-Bit Axe
15:34 Bow Saw
15:31 Treadmill Crane
16:35 Hand Cart
20:31 Stone Mining
21:41 Stone Shaft Mining
21:30 Gold Mining
24:54 Town Watch
24:55 Loom
28:59 Imperial Age
26:57 Fletching
27:07 Padded Archer Armor
27:29 Ballistics
27:42 Bodkin Arrow
29:45 Bracer
30:00 Leather Archer Armor
30:47 Chemistry
29:25 Elite Rattan Archer
30:17 Thumb Ring
32:39 Scale Barding Armor
32:44 Forging
32:50 Husbandry
33:01 Bloodlines
32:12 Light Cavalry
33:43 Chain Barding Armor
34:01 Iron Casting
34:15 Ring Archer Armor
37:15 Plate Barding Armor
FABRIZZIO
9:22 Loom
11:12 Feudal Age
12:36 Double-Bit Axe
16:59 Castle Age
16:15 Fletching
18:02 Bow Saw
19:39 Wheelbarrow
18:56 Horse Collar
21:44 Fervor
25:43 Bodkin Arrow
25:13 Crossbowman
28:03 Ballistics
30:29 Imperial Age
29:30 Chemistry
30:17 Padded Archer Armor
31:21 Arbalester
32:28 Conscription
32:12 Bracer
32:27 Leather Archer Armor
32:26 Elite Skirmisher
Connection lost

Rejoining the realm…

Still unreachable

The connection could not be restored.

Session expired

The server has moved on; the page needs a fresh start.